Map: Cyber Forest LE

Players

Goro - Winner!

  • Race: Protoss Protoss
  • League: Platinum
  • Spawn Location: 11:00

Woah

  • Race: Terran Terran
  • Spawn Location: 5:00

VOD

Have the link to the VOD?

Description

Time

  • Played on: June 11, 2019, 3:41 p.m.
  • Length: 5:27
Show
View Real Time Build Order
Export as new Build Order

Goro Protoss - Winner!

Build Orders:  

Get SALT Encoding   

  12  0:00  Probe  
  13  0:12  Probe  
  14  0:19  Pylon  
  14  0:25  Probe  
  15  0:37  Probe  
  15  0:38  Gateway  
  16  0:44  Assimilator  
  16  0:49  Probe  
  17  1:00  Gateway  
  17  1:02  Probe  
  18  1:14  Probe  
  19  1:26  Probe  
  19  1:29  Cybernetics Core  
  20  1:40  Probe  
  20  1:45  Assimilator  
  21  1:51  Pylon  
  21  1:52  Probe  
  22  1:56  Warp Gate  
  22  2:04  Probe  
  23  2:08  Stalker  
  23  2:09  Stalker  
  27  2:25  Gateway  
  27  2:28  Gateway  
  27  2:48  Pylon  
  27  2:53  Stalker  
  27  2:58  Stalker  
  31  3:07  Pylon  
  31  3:23  Pylon  
  31  3:47  Stalker  
  31  3:48  Stalker x3  
  39  4:00  Pylon  
  37  4:20  Stalker x4  
  39  4:46  Zealot x2  
  39  4:47  Stalker x2  
  41  5:14  Stalker x2  
  41  5:15  Stalker  
Show
View Real Time Build Order
Export as new Build Order

Woah Terran 

Build Orders: Reaper Expand 

Get SALT Encoding   

  12  0:02  SCV  
  13  0:14  SCV  
  13  0:18  Supply Depot  
  14  0:27  SCV  
  15  0:40  SCV  
  16  0:42  Barracks  
  16  0:52  Refinery  
  16  1:00  SCV  
  17  1:12  SCV  
  19  1:32  Orbital Command  
  18  1:35  Reaper  
  19  1:43  Command Center  
  19  1:54  Barracks  
  19  1:57  SCV  
  20  2:07  Barracks Reactor  
  20  2:11  SCV  
  21  2:16  Supply Depot  
  21  2:23  Barracks  
  21  2:32  SCV  
  21  2:54  Marine x2  
  21  2:57  Bunker, Barracks Tech Lab  
  21  2:58  Orbital Command  
  23  2:59  SCV  
  23  3:03  Engineering Bay  
  24  3:07  Refinery  
  24  3:10  Barracks Tech Lab  
  24  3:12  SCV  
  25  3:16  Marine  
  25  3:19  Marine  
  27  3:25  Orbital Command  
  27  3:31  SCV  
  28  3:42  Factory  
  28  3:43  Concussive Shells  
  28  3:45  Marauder  
  28  3:48  SCV  
  31  3:51  SCV  
  32  3:57  Marauder  
  32  4:01  SCV  
  31  4:22  Marauder x2  
  30  4:30  Bunker  
  22  4:38  Marine x2  
  22  4:43  Marauder  
  22  4:49  Bunker  
  10  5:01  Marine  
  5  5:17  Barracks  
Tags
 
League
Platinum
Matchup
PvT
Replay Pack
r1
Spawn Locations
Cross Positions
Add a new tag
Caveats
  • Supply blocks, unpowered buildings, or Contaminate may cause inaccurate times.
  • Supply counts are checked every 10 seconds.